 Dungeon Crawl Stone Soup version 0.20.1-1-g8b1a95d (webtiles) character file.

757 TheGuigne the Chopper (level 8, -1/58 HPs)
             Began as a Formicid Abyssal Knight on Aug 24, 2017.
             Was a Believer of Lugonu.
             Slain by an ogre
             ... wielding a +0 giant spiked club
              (24 damage)
             ... on level 4 of the Dungeon.
             The game lasted 00:13:14 (4870 turns).

TheGuigne the Chopper (Formicid Abyssal Knight)     Turns: 4870, Time: 00:13:14

Health: -1/58      AC: 12    Str: 17    XL:     8   Next: 7%
Magic:  9/9        EV:  5    Int: 12    God:    Lugonu [**....]
Gold:   206        SH:  0    Dex: 12    Spells: 7/7 levels left

rFire    . . .     SeeInvis +   v - -3 hand axe (curse)
rCold    . . .     Gourm    .   (no shield)
rNeg     + . .     Faith    .   t - +0 plate armour
rPois    .         Spirit   .   (helmet unavailable)
rElec    .         Reflect  .   (no cloak)
rCorr    .         Harm     .   (no gloves)
MR       .....                  (no boots)
Stlth    ..........             (no amulet)
Regen    0.2/turn               n - ring of positive energy
MPRegen  0.2/turn               (no ring)

@: no status effects
A: permanent stasis, dig shafts and tunnels, four strong arms, antennae 3
a: Dig, Shaft Self, Depart the Abyss, Bend Space, Renounce Religion


You were on level 4 of the Dungeon.
You worshipped Lugonu.
Lugonu was pleased with you.
You were not hungry.

You visited 2 branches of the dungeon, and saw 5 of its levels.
You visited the Abyss 1 time.

You collected 206 gold pieces.

Inventory:

Hand Weapons
 a - a +2 hand axe
 j - a +2 whip of freezing
 p - a +0 whip
 v - a cursed -3 hand axe (weapon)
Missiles
 d - 14 poisoned needles
 f - 72 stones (quivered)
Armour
 b - a +0 leather armour
 k - a +0 ring mail
 l - a +0 ring mail of positive energy
 t - a +0 plate armour (worn)
Jewellery
 e - a cursed amulet of inaccuracy
 n - a ring of positive energy (left hand)
Scrolls
 i - a scroll of identify
 o - 4 scrolls of enchant weapon
Potions
 h - a potion of ambrosia
Comestibles
 c - 3 bread rations
 q - a royal jelly
 s - a meat ration


   Skills:
 - Level 3.2 Fighting
 * Level 7.5 Axes
 + Level 4.9 Armour
 - Level 0.8 Dodging
 - Level 2.1 Invocations


You had 7 spell levels left.
You didn't know any spells.

Dungeon Overview and Level Annotations

Branches:
Dungeon (4/15)             Temple (1/1) D:4

Altars:
Trog

Shops:
D:4 (


Innate Abilities, Weirdness & Mutations

You cannot be hasted, slowed, berserked, paralysed or teleported.
You can dig through walls and to a lower floor.
Your four strong arms can wield two-handed weapons with a shield.
You have a pair of large antennae on your head. (SInv)


Message History

You climb downwards.
An ogre comes into view. It is wielding a giant spiked club.
The ogre shouts!
There is a stone staircase leading up here.
The ogre barely misses you.
You slash the ogre!
The ogre is moderately wounded.
The ogre hits you with a giant spiked club!
You slash the ogre!
The ogre is heavily wounded.
You hit the ogre but do no damage.
The ogre is heavily wounded.
The ogre hits you but does no damage.
You barely miss the ogre.
The ogre is heavily wounded.
The ogre hits you with a giant spiked club.
You slash the ogre!
The ogre is severely wounded.
The ogre hits you with a giant spiked club!!
You die...

########## #...p....#
#########p####.#.#
...##.....# #.#.#
.#....###.####.#.#######
...##.# #.....<.@O)....#
#####.###.###....#####.#
{ ##....##.....#
####......>.# {
#......### ######[# #.#
{ ##'## { ##..∩##


You could see an ogre.

Vanquished Creatures
  Pikel (D:3)
  A phantom (D:4)
  A centaur zombie (D:3)
  A hound (D:4)
  Robin (D:2)
  5 adders
  2 oozes (D:2)
  An adder skeleton (D:4)
  2 dart slugs
  4 leopard geckos
  5 orcs
  2 giant cockroaches
  19 goblins
  4 hobgoblins
  7 jackals
  2 quokkas (D:3)
  A ball python (D:2)
  6 bats
  5 frilled lizards
  7 kobolds
  6 rats
83 creatures vanquished.

Vanquished Creatures (others)
  A slave (D:4)
  A worker ant (D:4)
2 creatures vanquished.

Grand Total: 85 creatures vanquished

Notes
Turn   | Place    | Note
-------+----------+-------------------------------------------
     0 | Abyss:1  | TheGuigne the Formicid Abyssal Knight began the quest for the Orb.
     0 | Abyss:1  | Reached XP level 1. HP: 18/18 MP: 2/2
    57 | Abyss:1  | Noticed a worldbinder
    58 | Abyss:1  | Noticed an ancient zyme
    58 | D:1      | Escaped the Abyss
   169 | D:1      | Reached XP level 2. HP: 24/24 MP: 3/3
   372 | D:1      | Reached skill level 3 in Axes
   378 | D:1      | Reached * piety under Lugonu
   641 | D:1      | Reached XP level 3. HP: 14/29 MP: 4/4
  1701 | D:2      | Noticed Robin
  1705 | D:2      | Reached XP level 4. HP: 29/35 MP: 5/5
  1705 | D:2      | Reached skill level 4 in Axes
  1712 | D:2      | Killed Robin
  2253 | D:2      | Reached XP level 5. HP: 35/41 MP: 6/6
  2429 | D:2      | Reached ** piety under Lugonu
  2466 | D:2      | Found a bloodstained altar of Trog.
  2959 | D:3      | Reached skill level 5 in Axes
  3697 | D:3      | Reached XP level 6. HP: 44/47 MP: 7/7
  3789 | D:4      | Found Beupn's Antique Weapon Emporium.
  3816 | D:4      | Noticed a slave
  3817 | D:4      | Noticed a slave
  3817 | D:4      | Noticed Pikel
  3852 | D:4      | Noticed a slave
  3854 | D:4      | Noticed a slave
  3958 | D:3      | Killed Pikel
  3958 | D:3      | Reached skill level 7 in Axes
  3958 | D:3      | Reached XP level 7. HP: 46/52 MP: 8/8
  4277 | D:4      | Reached XP level 8. HP: 43/58 MP: 9/9
  4349 | D:4      | Found a staircase to the Ecumenical Temple.
  4351 | D:4      | Found a faded altar of an unknown god.
  4692 | Temple   | Entered the Ecumenical Temple
  4870 | D:4      | Slain by an ogre

Skill      XL: |  1  2  3  4  5  6 |
---------------+-------------------+-----
Axes           | 3 4 5 7 |  7.5
Armour         | 4 |  4.9
Fighting       | |  3.2
Dodging        | |  0.8
Invocations    | |  2.1

Action                   |  1- 3 |  4- 6 |  7- 9 || total
-------------------------+-------+-------+-------++-------
Melee: Hand axe          |    98 |   325 |   105 ||   528
Invok: Depart the Abyss  |     1 |       |       ||     1
       Bend Space        |       |       |     7 ||     7
  Use: Potion            |     2 |     4 |     3 ||     9
       Scroll            |       |     8 |     1 ||     9
  Eat: Chunk             |     2 |     5 |       ||     7
       Royal jelly       |       |     1 |       ||     1
       Bread ration      |       |       |     1 ||     1
Armor: Leather armour    |    25 |       |       ||    25
       Ring mail         |    11 |    19 |       ||    30
       Plate armour      |       |   185 |    56 ||   241
       Skin              |       |     4 |       ||     4
Dodge: Dodged            |    70 |    82 |    21 ||   173
